 Dungeon Crawl Stone Soup version 0.24-a0-27-gca774cb5d5 (webtiles) character file.

Game seed: 8193654531291014411

9539 Maize the Cleaver (level 11, -4/102 HPs)
             Began as a Minotaur Berserker on Feb 2, 2019.
             Was a High Priest of Trog.
             Killed from afar by a gargoyle (30 damage)
             ... with a stone arrow
             ... on level 10 of the Dungeon.
             The game lasted 00:16:51 (8634 turns).

Maize the Cleaver (Minotaur Berserker)              Turns: 8634, Time: 00:16:52

Health: -4/102     AC: 23    Str: 31    XL:     11   Next: 24%
Magic:  10/10      EV:  9    Int:  4    God:    Trog [*****.]
Gold:   517        SH:  0    Dex: 10    Spells: 10/10 levels left

rFire    + . .     SeeInvis +   N - +7 battleaxe "Itaul" {vamp, rC+}
rCold    + . .     Gourm    .   (shield currently unavailable)
rNeg     + + +     Faith    .   P - +0 plate armour
rPois    +         Spirit   .   B - +2 hat {SInv}
rElec    .         Reflect  .   O - +1 cloak {rPois}
rCorr    .         Harm     .   K - +1 pair of gloves "Tiphur" {*Drain rN+++ Str+4}
MR       .....                  l - +0 pair of boots
Stlth    ..........             (no amulet)
HPRegen  0.27/turn              M - ring of protection from fire
MPRegen  0.12/turn              f - +2 ring of strength

@: no status effects
A: retaliatory headbutt, horns 2
a: Berserk, Trog's Hand, Brothers in Arms, Renounce Religion


You were on level 10 of the Dungeon.
You worshipped Trog.
Trog was extremely pleased with you.
You were not hungry.

You visited 1 branch of the dungeon, and saw 10 of its levels.

You collected 517 gold pieces.

Inventory:

Hand Weapons
 N - the +7 battleaxe "Itaul" (weapon) {vamp, rC+}
   (Trog gifted it to you on level 7 of the Dungeon)

   It inflicts no extra harm, but heals its wielder when it wounds a living foe.
   It protects you from cold.
 Q - the +7 spear of Ravage {freeze, +Inv rElec Dex+3}
   (You took it off a big kobold on level 8 of the Dungeon)

   It has been specially enchanted to freeze those struck by it, causing extra
   injury to most foes and up to half again as much damage against particularly
   susceptible opponents.
   It can also slow down cold-blooded creatures.
   It affects your dexterity (+3).
   It insulates you from electricity.
   It lets you turn invisible.
Missiles
 j - 16 tomahawks (quivered)
Armour
 l - a +0 pair of boots (worn)
 B - a +2 hat of see invisible (worn)
 K - the +1 pair of gloves "Tiphur" (worn) {*Drain rN+++ Str+4}
   (You found it on level 7 of the Dungeon)

   It affects your strength (+4).
   It renders you almost immune to negative energy.
   It causes draining when unequipped.
 O - a +1 cloak of poison resistance (worn)
 P - a +0 plate armour (worn)
Jewellery
 f - a +2 ring of strength (right hand)
 m - an uncursed ring of stealth
 F - an uncursed ring of ice
 M - a ring of protection from fire (left hand)
Wands
 s - a wand of enslavement (14)
 C - a wand of iceblast (8)
 E - a wand of flame (12)
 G - a wand of random effects (24)
 H - a wand of acid (7)
 I - a wand of disintegration (11)
 R - a wand of scattershot (6)
Scrolls
 a - 2 scrolls of enchant armour {unknown}
 b - a scroll of immolation {unknown}
 d - 2 scrolls of fog
 e - 3 scrolls of remove curse
 h - 2 scrolls of enchant weapon
 o - 3 scrolls of teleportation {unknown}
 t - a scroll of magic mapping {unknown}
 v - 2 scrolls of fear
 w - a scroll of random uselessness {unknown}
 L - a scroll of blinking {unknown}
Potions
 g - a potion of heal wounds {unknown}
 k - 3 potions of flight
 n - 4 potions of brilliance
 p - 3 potions of curing
 q - 3 potions of ambrosia {unknown}
 r - a potion of resistance {unknown}
 u - 2 potions of might
 x - 2 potions of cancellation {unknown}
 z - 2 potions of magic {unknown}
 A - a potion of degeneration {unknown}
 D - a potion of berserk rage {unknown}
 J - 2 potions of haste {unknown}
Comestibles
 c - 5 rations
 i - 22 chunks of flesh


   Skills:
 + Level 11.1 Fighting
 * Level 14.6 Axes
 + Level 10.7 Armour
 - Level 2.2 Dodging


You had 10 spell levels left.
You didn't know any spells.
Your spell library was empty.

Dungeon Overview and Level Annotations

Branches:
Dungeon (10/15)            Temple (0/1) D:7            Lair (0/6) D:9
    Orc (0/2) D:10

Altars:
Ashenzari
Dithmenos
Gozag
Nemelex Xobeh
Okawaru
Qazlal
Ru
Trog
Vehumet
Wu Jian
Xom
Zin
Beogh

Shops:
D:7 *

Annotations:
D:9 2 transporters, Camlann's ghost, novice DsFi


Innate Abilities, Weirdness & Mutations

You reflexively headbutt those who attack you in melee.
You have a pair of horns on your head.


Message History

The gargoyle hurls a stone arrow at you.
The stone arrow hits you!!
Things that are here:
a +0 giant club; a +0 giant spiked club The gargoyle hurls a stone arrow at you.
The stone arrow hits you. The gargoyle closely misses you.
You slice the gargoyle!!
The gargoyle is severely damaged.
The gargoyle hurls a stone arrow at you.
The stone arrow hits you!!
* * * LOW HITPOINT WARNING * * *
You hit the gargoyle.
The gargoyle is almost destroyed.
The gargoyle hits you but does no damage.
You hit the gargoyle but do no damage.
The gargoyle is almost destroyed.
The gargoyle hurls a stone arrow at you.
The stone arrow hits you!!
You die...

#....... ........#
#.......
........#####.......
....................
...................
..................
#.................
#9..........###...
#@..........###...
#....###....###...
####..).###..........
.........###..........
.....!...).$..........
...$.................##
...............>.....##
.....................##
.......................


You could see a gargoyle.

Vanquished Creatures
  Gastronok (D:8)
  A catoblepas (D:9)
  A centaur warrior (D:8)
  2 two-headed ogres
  Pikel (D:9)
  An orc knight (D:10)
  The ghost of Flugslaktarn the Chopper, a novice DDFi of Makhleb (D:5)
  Maurice (D:8)
  A wyvern (D:8)
  A soldier ant (D:8)
  9 orc warriors
  3 phantoms
  An ice beast (D:10)
  3 ogres
  A necrophage (D:8)
  2 slaves (D:9)
  An eye of draining (D:4)
  3 centaurs
  A big kobold (D:8)
  4 bullfrogs
  A wyvern skeleton (D:10)
  3 scorpions
  3 killer bees (D:7)
  3 crimson imps
  A gnoll shaman (D:9)
  12 orc priests
  11 orc wizards
  2 iguanas
  2 worker ants (D:5)
  16 gnolls
  A worker ant zombie (D:5)
  14 adders
  2 shadow imps (D:7)
  An ooze (D:6)
  3 adder skeletons
  An adder zombie (D:8)
  A worm (D:3)
  5 leopard geckos
  50 orcs
  7 giant cockroaches
  9 goblins
  6 hobgoblins
  6 jackals
  2 quokkas
  8 bats
  3 frilled lizards
  8 kobolds
  A leopard gecko skeleton (D:6)
  11 rats
232 creatures vanquished.

Vanquished Creatures (collateral kills)
  An orc (D:10)
  2 kobolds (D:8)
3 creatures vanquished.

Vanquished Creatures (others)
  A yak (D:6)
  A slave (D:9)
  A centaur (D:6)
  A big kobold (D:6)
  A gnoll (D:6)
  A jackal (D:6)
6 creatures vanquished.

Grand Total: 241 creatures vanquished

Notes
Turn   | Place    | Note
-------+----------+-------------------------------------------
     0 | D:1      | Maize the Minotaur Berserker began the quest for the Orb.
     0 | D:1      | Reached XP level 1. HP: 19/19 MP: 0/0
   133 | D:1      | Reached skill level 4 in Axes
   133 | D:1      | Reached XP level 2. HP: 25/27 MP: 1/1
   239 | D:1      | Reached ** piety under Trog
   444 | D:1      | Found a sparkling altar of Nemelex Xobeh.
   641 | D:2      | Reached XP level 3. HP: 32/33 MP: 2/2
   830 | D:2      | Reached XP level 4. HP: 23/41 MP: 3/3
  1049 | D:2      | Reached skill level 5 in Axes
  1196 | D:2      | Found a shadowy altar of Dithmenos.
  1563 | D:2      | HP: 2/41 [gnoll/cursed -2 halberd (11)]
  2160 | D:3      | Reached XP level 5. HP: 35/47 MP: 4/4
  2447 | D:3      | Found an iron altar of Okawaru.
  2702 | D:3      | Reached *** piety under Trog
  3009 | D:4      | Reached skill level 6 in Axes
  3046 | D:4      | Reached skill level 5 in Fighting
  3546 | D:4      | Noticed an eye of draining
  3555 | D:4      | Killed an eye of draining
  3555 | D:4      | Reached XP level 6. HP: 55/56 MP: 0/5
  3557 | D:4      | Found a bloodstained altar of Trog.
  3675 | D:5      | Entered Level 5 of the Dungeon
  3718 | D:5      | Reached skill level 7 in Axes
  3758 | D:5      | Reached skill level 5 in Armour
  3758 | D:5      | Reached XP level 7. HP: 47/62 MP: 6/6
  3965 | D:5      | Noticed Flugslaktarn's ghost (novice DDFi)
  3968 | D:5      | Found a runed translucent door.
  3970 | D:5      | Reached **** piety under Trog
  3994 | D:5      | Killed Flugslaktarn's ghost
  3994 | D:5      | Reached skill level 8 in Axes
  4163 | D:5      | Reached XP level 8. HP: 70/71 MP: 7/7
  4412 | D:6      | Reached skill level 9 in Axes
  4520 | D:6      | Found a shimmering altar of Xom.
  4792 | D:6      | Found a glowing silver altar of Zin.
  5063 | D:7      | Found Gozag's Platinum Reserve.
  5065 | D:7      | Found an opulent altar of Gozag.
  5070 | D:7      | Reached skill level 10 in Axes
  5135 | D:7      | Got a pair of heavily runed gloves
  5146 | D:7      | Identified the +1 pair of gloves "Tiphur" {*Drain rN+++
                  | Str+4} (You found it on level 7 of the Dungeon)
  5209 | D:7      | Found a radiant altar of Vehumet.
  5254 | D:7      | Reached ***** piety under Trog
  5321 | D:7      | Received a gift from Trog
  5334 | D:7      | Got a brightly glowing battleaxe {god gift}
  5337 | D:7      | Identified the +7 battleaxe "Itaul" {vamp, rC+} (Trog
                  | gifted it to you on level 7 of the Dungeon)
  5368 | D:7      | Found a staircase to the Ecumenical Temple.
  6006 | D:8      | Reached XP level 9. HP: 81/81 MP: 8/8
  6076 | D:8      | Identified the +7 spear of Ravage {freeze, +Inv rElec
                  | Dex+3}
  6080 | D:8      | Found the +8 whip "Snakebite" {curare, rPois}
  6082 | D:8      | Noticed a two-headed ogre
  6102 | D:8      | Reached skill level 11 in Axes
  6114 | D:8      | Killed a two-headed ogre
  6423 | D:8      | Noticed Maurice
  6430 | D:8      | Killed Maurice
  6430 | D:8      | Reached skill level 12 in Axes
  6430 | D:8      | Noticed Gastronok
  6510 | D:8      | Killed Gastronok
  6510 | D:8      | Reached XP level 10. HP: 93/93 MP: 9/9
  6604 | D:8      | Reached skill level 13 in Axes
  6622 | D:8      | Reached skill level 10 in Fighting
  6682 | D:8      | Found an opulent altar of Gozag.
  6955 | D:8      | Noticed a centaur warrior
  6965 | D:8      | Killed a centaur warrior
  7230 | D:9      | Noticed a catoblepas
  7302 | D:9      | Found a sparkling altar of Nemelex Xobeh.
  7302 | D:9      | Found a sacrificial altar of Ru.
  7302 | D:9      | Found a shattered altar of Ashenzari.
  7303 | D:9      | Found a stormy altar of Qazlal.
  7305 | D:9      | Found an ornate altar of the Wu Jian Council.
  7419 | D:9      | Reached skill level 10 in Armour
  7540 | D:9      | Noticed Pikel
  7550 | D:9      | Killed Pikel
  7700 | D:9      | Killed a catoblepas
  7700 | D:9      | Reached skill level 14 in Axes
  7700 | D:9      | Reached XP level 11. HP: 52/101 MP: 10/10
  7942 | D:9      | Found a staircase to the Lair.
  8096 | D:9      | Found a transporter.
  8099 | D:9      | Noticed Camlann's ghost (novice DsFi)
  8101 | D:9      | Noticed a fire dragon
  8131 | D:9      | Found a transporter.
  8403 | D:10     | Entered Level 10 of the Dungeon
  8482 | D:10     | Found a roughly hewn altar of Beogh.
  8482 | D:10     | Noticed an orc knight
  8490 | D:10     | Found a staircase to the Orcish Mines.
  8493 | D:10     | Killed an orc knight
  8617 | D:10     | Noticed a two-headed ogre
  8628 | D:10     | Killed a two-headed ogre
  8634 | D:10     | Killed from afar by a gargoyle

Vault maps used:
D:1:      minmay_arrival_diagonal_passages, chequers_serial_rivers_marsh,
          nemelex_altar_shiori
D:2:      minmay_skewed_foursquare, first_ration,
          nicolae_dithmenos_shadow_blocks
D:3:      overflow_temple_1_default, minmay_bisected
D:4:      trog_eyes_of_draining
D:5:      hellmonk_ghost_happy_afterlife
D:6:      xom_confusion_cloud, lemuel_round_altar
D:7:      lemuel_crystal_altar, minmay_temple_entry_junction, serial_rivers,
          chequers_serial_rivers_room_a, chequers_serial_rivers_small_3,
          chequers_serial_rivers_large_b, chequers_serial_rivers_small_b,
          chequers_serial_rivers_micro_b, chequers_serial_rivers_small_b,
          nicolae_gozag_zags_fifth_avenue
D:8:      minmay_cut_squares, old_standard_altar, uniq_gastronok, uniq_maurice
D:9:      minitemple, lair_entry_dummy, gammafunk_ghost_berserking_beasts,
          uniq_pikel
D:10:     david_orc_5, hangedman_fish_farm

Skill      XL: |  1  2  3  4  5  6  7  8  9 10 11 |
---------------+----------------------------------+-----
Axes           | 4 5 6 7 8 10 12 14 | 14.6
Fighting       | 4 5 6 7 9 10 11 | 11.1
Armour         | 3 4 5 6 7 9 10 | 10.7
Dodging        | |  2.2

Action                   |  1- 3 |  4- 6 |  7- 9 | 10-12 || total
-------------------------+-------+-------+-------+-------++-------
Melee: Hand axe          |    72 |    91 |       |       ||   163
       Headbutt          |     6 |    21 |    28 |    21 ||    76
       War axe           |       |    47 |   108 |       ||   155
       Battleaxe         |       |       |    45 |    95 ||   140
Invok: Berserk           |       |     1 |     7 |     3 ||    11
       Brothers in Arms  |       |       |     1 |     1 ||     2
  Use: Scroll            |       |     2 |       |     7 ||     9
       Potion            |       |       |     2 |       ||     2
 Stab: Sleeping          |     1 |       |       |       ||     1
  Eat: Chunk             |       |    10 |    11 |     5 ||    26
       Ration            |       |       |     3 |     1 ||     4
Armor: Ring mail         |    44 |    52 |    59 |       ||   155
       Plate armour      |       |       |       |    84 ||    84
Dodge: Dodged            |    45 |    73 |    99 |    49 ||   266

Table legend:
 A = Non-vault XP
 B = Vault XP
 C = Vault XP percentage of total XP
 D = Non-vault monster count
 E = Vault monster count
 F = Vault count percentage of total count
                 A         B        C        D         E       F
            +---------+---------+-------+---------+---------+-------
      Total |    6317 |    7311 |  53.6 |     182 |      51 |  21.9
            +---------+---------+-------+---------+---------+-------
        D:1 |      36 |       0 |   0.0 |      23 |       0 |   0.0
        D:2 |      86 |      60 |  41.1 |      22 |       9 |  29.0
        D:3 |     101 |      10 |   9.0 |      13 |       4 |  23.5
        D:4 |      60 |     117 |  66.1 |       5 |       3 |  37.5
        D:5 |     552 |     466 |  45.8 |      28 |       1 |   3.4
        D:6 |     424 |     200 |  32.1 |      13 |       2 |  13.3
        D:7 |     519 |       0 |   0.0 |      22 |       0 |   0.0
        D:8 |    1567 |    4413 |  73.8 |      27 |       9 |  25.0
        D:9 |    1859 |     673 |  26.6 |      26 |       1 |   3.7
       D:10 |    1113 |    1372 |  55.2 |       3 |      22 |  88.0
            +---------+---------+-------+---------+---------+-------
